 Dungeon Crawl Stone Soup version 0.23.2-30-g0e89c35649 (webtiles) character file.

Game seed: 15850331855444601845

254 dembora the Skirmisher (level 5, -5/46 HPs)
             Began as a Draconian Berserker on June 24, 2019.
             Was a Believer of Trog.
             Killed by divine providence
             ... invoked by an orc priest
              (16 damage)
             ... on level 4 of the Dungeon.
             The game lasted 00:19:56 (3808 turns).

dembora the Skirmisher (Draconian Berserker)        Turns: 3808, Time: 00:19:56

Health: -5/46      AC:  5    Str: 21    XL:     5   Next: 91%
Magic:  5/5        EV: 13    Int:  7    God:    Trog [**....]
Gold:   178        SH:  0    Dex: 10    Spells: 4/4 levels left

rFire    . . .     SeeInvis .   k - +1 short sword (flame)
rCold    . . .     Gourm    +   (no shield)
rNeg     . . .     Faith    .   (armour unavailable)
rPois    .         Spirit   .   (helmet restricted)
rElec    .         Reflect  .   (no cloak)
rCorr    .         Harm     .   (no gloves)
MR       ++...                  (no boots)
Stlth    +.........             j - amulet of the gourmand
HPRegen  1.15/turn              (no ring)
MPRegen  0.09/turn              (no ring)

@: berserk cooldown, regenerating, slowed, very slow
A: unfitting armour, cold-blooded, AC +5
a: Berserk, Trog's Hand, Renounce Religion


You were on level 4 of the Dungeon.
You worshipped Trog.
Trog was pleased with you.
You were not hungry.

You visited 1 branch of the dungeon, and saw 4 of its levels.

You collected 178 gold pieces.

Inventory:

Hand Weapons
 a - a +0 falchion
 k - a +1 short sword of flaming (weapon)
Missiles
 h - 13 javelins of penetration (quivered)
Jewellery
 j - an amulet of the gourmand (around neck)
 n - a +4 amulet of reflection {unknown}
 r - an uncursed ring of stealth {unknown}
Scrolls
 c - a scroll of enchant armour
 e - 2 scrolls of remove curse {unknown}
 f - 3 scrolls of amnesia {unknown}
 l - a scroll of random uselessness {unknown}
 o - a scroll of fog {unknown}
 p - a scroll of magic mapping {unknown}
 t - a scroll of immolation {unknown}
 w - a scroll of identify
Potions
 d - 2 potions of resistance {unknown}
 g - a potion of lignification {unknown}
 i - a potion of brilliance {unknown}
 m - 2 potions of curing {unknown}
 q - a potion of might {unknown}
 s - a potion of degeneration {unknown}
 u - 2 potions of heal wounds {unknown}
 v - a potion of flight {unknown}
Comestibles
 b - 6 rations


   Skills:
 + Level 4.2 Fighting
 + Level 3.3(4.2) Short Blades
 + Level 3.7(4.3) Long Blades
 + Level 3.7 Dodging
 + Level 1.2 Stealth


You had 4 spell levels left.
You didn't know any spells.
Your spell library was empty.

Dungeon Overview and Level Annotations

Branches:
Dungeon (4/15)
 Temple: D:4-7

Altars:
Elyvilon


Innate Abilities, Weirdness & Mutations

Your plain brown scales are hard. (AC +5)
You cannot fit into any form of body armour.
You are cold-blooded and may be slowed by cold attacks.


Message History

The orc wizard gestures wildly while chanting.
The orc wizard blinks!
An orc priest comes into view. It is wielding a +0 flail.
You can move again.
Your skin crawls.
You feel resistant to hostile enchantments.
You feel quite a bit more hungry. The orc hits you with a +0 mace!
The orc barely misses you.
You closely miss the orc. You tail-slap the orc.
The orc is heavily wounded.
The orc hits you with a +0 mace!
* * * LOW HITPOINT WARNING * * *
The orc hits you but does no damage.
The orc wizard casts a spell.
The orc wizard blinks!
You hit the orc wizard. You burn the orc wizard.
The orc wizard is lightly wounded.
The orc priest mumbles some strange prayers to Beogh against you.
Beogh smites you!
You die...

#<# .### #.#
o..# #.# o..#
#.# o..# #.##
...# #..# .ยง.
##.# ###o# #
#.# #.oo# .###
#.# #@#####...
#.# #o).#...
#.# ###.#.#
#.# #...#
#.#########.##
#...........#
#############


You could see an orc priest, an orc wizard and 2 orcs.

Vanquished Creatures
  A phantom (D:4)
  An orc wizard (D:4)
  A gnoll (D:1)
  4 adders
  5 worms
  4 dart slugs
  4 leopard geckos
  An orc (D:3)
  5 giant cockroaches
  6 goblins
  6 hobgoblins
  2 jackals (D:1)
  A quokka (D:2)
  2 ball pythons
  8 bats
  11 kobolds
  A quokka skeleton (D:3)
  6 rats
69 creatures vanquished.

Notes
Turn   | Place    | Note
-------+----------+-------------------------------------------
     0 | D:1      | dembora the Draconian Berserker began the quest for the
                  | Orb.
     0 | D:1      | Reached XP level 1. HP: 19/19 MP: 1/1
   203 | D:1      | Reached XP level 2. HP: 26/26 MP: 2/2
   657 | D:1      | Reached XP level 3. HP: 14/31 MP: 3/3
  1314 | D:2      | Found a white marble altar of Elyvilon.
  1316 | D:2      | Reached ** piety under Trog
  1456 | D:2      | Reached skill level 1 in Short Blades
  1980 | D:2      | Reached XP level 4. HP: 28/40 MP: 4/4
  2960 | D:3      | Reached skill level 1 in Stealth
  3503 | D:3      | Reached XP level 5. HP: 46/46 MP: 5/5
  3750 | D:4      | Noticed a phantom
  3775 | D:4      | Killed a phantom
  3775 | D:4      | Reached skill level 4 in Fighting
  3808 | D:4      | Killed from afar by an orc priest

Skill      XL: |  1  2  3  4  5 |
---------------+----------------+-----
Dodging        | 3 |  3.7
Short Blades   | 1 2 3 |  3.3
Stealth        | 1 |  1.2
Fighting       | 4 |  4.2
Long Blades    | |  3.7

Action                   |  1- 3 |  4- 6 || total
-------------------------+-------+-------++-------
Melee: Falchion          |    29 |       ||    29
       Tailslap          |    13 |     8 ||    21
       Short sword       |    68 |   116 ||   184
Invok: Berserk           |     1 |     1 ||     2
       Trog's Hand       |       |     1 ||     1
  Use: Scroll            |     3 |       ||     3
 Stab: Sleeping          |     1 |       ||     1
  Eat: Chunk             |     7 |     5 ||    12
       Ration            |     1 |       ||     1
Armor: Skin              |    26 |    43 ||    69
Dodge: Dodged            |    66 |   103 ||   169
       Rpst.: Falchion   |    10 |       ||    10
